 Dungeon Crawl Stone Soup version 0.27-a0-1149-g4505690ab0 (webtiles) character file.

Game seed: 16064455715107110296

310042 tilp the Gelid (level 19, -37/158 HPs)
             Began as a Demigod Ice Elementalist on May 13, 2021.
             Blown up by a lich (66 damage)
             ... with an orb of destruction
             ... on level 2 of the Vaults.
             The game lasted 02:27:39 (65367 turns).

tilp the Gelid (Demigod Ice Elementalist)          Turns: 65367, Time: 02:27:40

Health: -37/158    AC: 26    Str:  9    XL:     19   Next: 59%
Magic:  15/40      EV: 15    Int: 41    God:
Gold:   1245       SH:  6    Dex: 17    Spells: 9/42 levels left

rFire    + . .     SeeInvis +   a - staff of cold
rCold    + + .     Faith    .   h - +1 buckler {AC+3}
rNeg     . . .     Spirit   .   G - +5 ring mail "Denwaroq" {Fly}
rPois    +         Reflect  .   A - +2 hat {Will+}
rElec    .         Harm     .   B - scarf {shadows}
rCorr    +         Rampage  .   s - +2 pair of gloves {Dex+3}
Will     +++..                  p - +2 pair of boots
Stlth    +++.......             O - amulet of magic regeneration
HPRegen  0.36/turn              c - ring "Ureokhog" {rC+ Will+ rCorr AC+4}
MPRegen  0.52/turn              x - ring "Joliopn" {rPois rF+ SInv}

@: unable to drink, flying, studying 2 skills
A: no potions, high mp 1, forlorn
}: 2/15 runes: barnacled, gossamer
a: no special abilities


You were on level 2 of the Vaults.
You visited 7 branches of the dungeon, and saw 35 of its levels.
You visited 2 bazaars.
You also visited: Bailey.

You collected 3453 gold pieces.
You spent 2208 gold pieces at shops.

Inventory:

Hand Weapons
 b - the +7 scimitar of the Tired Lovers {vorpal, rElec Dex+10}
   (You found it on level 14 of the Dungeon)

   It inflicts extra damage upon your enemies.
   It affects your dexterity (+10).
   It insulates you from electricity.
 o - a +0 demon whip
Missiles
 d - 10 throwing nets {!f}
 e - 10 curare-tipped darts {!f}
 l - 117 boomerangs
 m - 130 poisoned darts (quivered)
 K - 3 datura-tipped darts
Armour
 h - a +1 buckler of protection (worn)
 p - a +2 pair of boots (worn)
 s - a +2 pair of gloves of dexterity (worn)
 A - a +2 hat of willpower (worn)
 B - a scarf of shadows (worn)
 G - the +5 ring mail "Denwaroq" (worn) {Fly}
   (You took it off an orc in a bailey)

   It grants you flight.
 Q - the +0 cloak of Recklessness {rElec rF+++ Str-4 Stlth-}
   (You found it on level 2 of the Lair of Beasts)

   It affects your strength (-4).
   It renders you almost immune to fire.
   It insulates you from electricity.
   It makes you less stealthy.
 V - the +1 helmet of Vlad {rPois Str+3 Stlth+}
   (You found it on level 15 of the Dungeon)

   It affects your strength (+3).
   It protects you from poison.
   It makes you more stealthy.
Magical Staves
 a - a staff of cold (weapon)
 U - a staff of conjuration
Jewellery
 c - the ring "Ureokhog" (left hand) {rC+ Will+ rCorr AC+4}
   (You acquired it on level 1 of the Dungeon)

   [ring of protection]

   It affects your AC (+4).
   It protects you from cold.
   It protects you from acid and corrosion.
   It increases your willpower.
 x - the ring "Joliopn" (right hand) {rPois rF+ SInv}
   (You found it on level 1 of the Spider Nest)

   [ring of see invisible]

   It protects you from fire.
   It protects you from poison.
   It lets you see invisible.
 E - the ring "Meonatot" {rC+ rN+ Int+5}
   (You found it on level 4 of the Shoals)

   [ring of protection from cold]

   It affects your intelligence (+5).
   It protects you from cold.
   It protects you from negative energy.
 O - an amulet of magic regeneration (around neck)
Wands
 u - a wand of mindburst (41)
 v - a wand of acid (45)
 y - a wand of paralysis (10)
 C - a wand of digging (5)
 F - a wand of flame (109)
 L - a wand of iceblast (20)
 M - a wand of charming (10)
 N - a wand of polymorph (7)
Scrolls
 j - 3 scrolls of magic mapping
 n - 3 scrolls of enchant armour
 I - 9 scrolls of teleportation
 P - 2 scrolls of fog
 R - 5 scrolls of amnesia
 T - 6 scrolls of blinking
 X - 3 scrolls of fear
 Z - a scroll of holy word
Potions
 f - 4 potions of berserk rage
 g - 8 potions of magic
 i - 7 potions of mutation
 k - 7 potions of haste
 q - 2 potions of attraction
 r - 5 potions of might
 t - 6 potions of lignification
 w - 5 potions of brilliance
 z - 13 potions of curing
 H - 3 potions of cancellation
 W - 2 potions of ambrosia
 Y - a potion of invisibility
Miscellaneous
 D - a box of beasts
 J - a condenser vane
 S - a phial of floods


   Skills:
 + Level 11.5 Fighting
 - Level 12.0 Staves
 - Level 4.0 Armour
 + Level 10.1 Dodging
 - Level 6.3 Stealth
 - Level 4.0 Shields
 - Level 12.0 Spellcasting
 - Level 14.0 Conjurations
 - Level 2.0 Hexes
 - Level 4.0 Translocations
 - Level 4.0 Transmutations
 - Level 6.0 Fire Magic
 - Level 18.0 Ice Magic
 - Level 6.0 Earth Magic
 - Level 8.0 Evocations


You had 9 spell levels left.
You knew the following spells:

 Your Spells              Type           Power      Damage    Failure   Level
a - Freeze                Ice            100%       1d11      0%          1
b - Frozen Ramparts       Ice            100%       1d12      0%          3
c - Ozocubu's Armour      Ice            100%       N/A       0%          3
d - Hailstorm             Conj/Ice       100%       3d20      1%          4
e - Ozocubu's Refrigerat  Ice            65%        4d18      1%          7
f - Blink                 Tloc           N/A        N/A       1%          2
g - Corona                Hex            45%        N/A       1%          1
h - Ensorcelled Hibernat  Hex/Ice        100%       N/A       1%          2
i - Bolt of Magma         Conj/Fire/Erth 38%        4d16      2%          5
j - Irradiate             Conj/Tmut      39%        3d26      2%          5

Your spell library contained the following spells:

 Spells                   Type           Power      Damage    Failure   Level
 Magic Dart               Conj           100%       1d8       0%          1
 Apportation              Tloc           100%       N/A       1%          1
 Beastly Appendage        Tmut           100%       N/A       1%          1
 Foxfire                  Conj/Fire      100%       2x1d9     1%          1
 Static Discharge         Conj/Air       70%        N/A       1%          2
 Wereblood                Tmut           55%        N/A       1%          2
 Conjure Flame            Conj/Fire      82%        6-21      1%          3
 Inner Flame              Hex/Fire       55%        N/A       1%          3
 Lesser Beckoning         Tloc           27%        N/A       1%          3
 Mephitic Cloud           Conj/Pois/Air  58%        N/A       1%          3
 Ice Form                 Ice/Tmut       100%       N/A       1%          4
 Sticky Flame             Conj/Fire      82%        2d9       1%          4
 Fireball                 Conj/Fire      41%        3d17      1%          5
 Iskenderun's Battlesphe  Conj           96%        2d14      1%          5
 Metabolic Englaciation   Hex/Ice        51%        N/A       1%          5
 Slow                     Hex            41%        N/A       2%          2
 Ignite Poison            Fire/Tmut/Pois 51%        N/A       2%          3
 Animate Skeleton         Necr           48%        N/A       3%          1
 Pain                     Necr           96%        1d8       3%          1
 Portal Projectile        Hex/Tloc       98%        N/A       3%          3
 Spider Form              Tmut/Pois      20%        N/A       4%          3
 Tukima's Dance           Hex            41%        N/A       4%          3
 Petrify                  Tmut/Erth      60%        N/A       4%          4
 Call Imp                 Summ           24%        N/A       5%          2
 Corpse Rot               Necr/Air       N/A        N/A       5%          2
 Poisonous Vapours        Pois/Air       48%        N/A       5%          2
 Sublimation of Blood     Necr           12%        N/A       5%          2
 Lightning Bolt           Conj/Air       35%        1d53      5%          5
 Leda's Liquefaction      Hex/Erth       27%        N/A       7%          4
 Iron Shot                Conj/Erth      41%        9d8       9%          6
 Animate Armour           Summ/Erth      98%        N/A       10%         4
 Orb of Destruction       Conj           48%        9d15      10%         7
 Vampiric Draining        Necr           12%        2d7       11%         3
 Simulacrum               Ice/Necr       49%        N/A       13%         6
 Cause Fear               Hex            20%        N/A       16%         4
 Hydra Form               Tmut           27%        N/A       19%         5
 Borgnjor's Vile Clutch   Necr/Erth      24%        N/A       28%         5
 Animate Dead             Necr           12%        N/A       34%         4
 Dispel Undead            Necr           24%        3d12      34%         4
 Alistair's Intoxication  Tmut/Pois      27%        N/A       38%         5
 Silence                  Hex/Air        16%        N/A       54%         5
 Agony                    Necr           24%        N/A       67%         5
 Spellforged Servitor     Conj/Summ      35%        N/A       86%         7
 Eringya's Noxious Bog    Tmut/Pois      20%        N/A       93%         6
 Invisibility             Hex            41%        N/A       93%         6
 Shadow Creatures         Summ           N/A        N/A       99%         6
 Ignition                 Fire           32%        3d10      100%        8
 Shatter                  Erth           32%        3d26*     100%        9
 Tornado                  Air            12%        N/A       100%        9


Dungeon Overview and Level Annotations

Branches:
Dungeon (15/15)            Temple (0/1) D:4            Lair (6/6) D:11
 Shoals (4/4) Lair:3       Spider (4/4) Lair:4        Slime (0/5) Lair:5
    Orc (2/2) D:12            Elf (2/3) Orc:2        Vaults (2/5) D:14
 Depths (0/5) D:15         Bailey (visited)
  Crypt: Vaults:2-3

Shops:
D:8 *   D:11 =   Orc:2 ([**   Elf:2 [   Vaults:1 ?[

Annotations:
D:11 Erolcha
D:14 3 runed translucent doors, MirrMurr's ghost, journeyman SpEn
Elf:1 3 runed translucent doors
Elf:2 3 runed translucent doors
Vaults:2 Mennas!?, exclusion: door


Innate Abilities, Weirdness & Mutations

You cannot drink.
Your attributes grow dramatically as you level up.
You have an increased reservoir of magic. (+10% MP)
You shall have no god before yourself.


Message History

The hail pelts the flayed ghost!!
You destroy the flayed ghost!
The terrible wounds on your body vanish.
The war gargoyle hits you with a +0 flail!!
You hear a shout!
You hear a horrible gurgling sound!
Unknown command.
You barely miss the war gargoyle.
The war gargoyle is almost destroyed.
The war gargoyle launches metal splinters at you.
The spray of metal splinters hits you!
Unknown command.
Casting: Hailstorm (safe; 1% risk of failure)
Confirm with . or Enter, or press ? or * to list all spells.
You feel a surge of power!
The heat is drained from your surroundings.
You feel very cold.
The war gargoyle, the lich and the yaktaur captain are frozen.
The war gargoyle resists.
You destroy the war gargoyle!
The lich resists.
The lich is lightly damaged.
The yaktaur captain is heavily wounded.
An ironbound convoker comes into view. It is wielding a +0 morningstar.
The yaktaur captain wields a +0 arbalest.
The yaktaur captain shoots a bolt.
The bolt hits you!!
The lich launches a ball of destructive magic.
You hear a shout!
An orb of destruction comes into view.
Unknown command.
Your icy armour will break if you move.
Continue?
Your icy armour cracks and falls away as you move.
The yaktaur captain shoots a bolt.
The bolt hits you!!!
* * * LOW HITPOINT WARNING * * *
There is a large open door, spattered with blood here.
Things that are here:
a +0 bardiche; a +0 chain mail The yaktaur captain shoots a bolt.
The bolt hits you!
* * * LOW HITPOINT WARNING * * *
The orb of destruction hits you!!!
You die...

#..######
#..##...#
#..##...# ...
#..##...# ....
#..##...# ....
#..##...#.....
#..##...#.....
#..)))..c..§..
#.@☼○○L°p.....
#..##...#.....
#..##...# ....
#..##...# ...
#..##...# ..
#..##...# c
#..##...#
#..###### #..#


You could see a lich, a yaktaur captain and an ironbound convoker.

Vanquished Creatures
  Margery (Vaults:2)
  A sphinx (Vaults:1)
  Polyphemus (Shoals:3)
  Kirke (D:12)
  Donald (Orc:2)
  5 ghost moths
  5 emperor scorpions
  2 orc warlords
  6 ironbound preservers
  2 very ugly things (Vaults:1)
  A war gargoyle (Vaults:2)
  2 deep elf demonologists (Elf:2)
  3 entropy weavers
  The ghost of champignon the Spear-Bearer, a journeyman DsGl of Okawaru (Lair:2)
  Azrael (D:15)
  6 dire elephants (Vaults:1)
  2 spark wasps (Spider:4)
  2 deep elf death magi
  5 yaktaur captains
  3 ettins
  Snorg (D:11)
  5 merfolk impalers (Shoals:4)
  4 merfolk javelineers (Shoals:4)
  A deep elf high priest (Elf:2)
  7 vault guards
  14 hydras
  2 ironbound thunderhulks (Vaults:1)
  6 catoblepae
  4 merfolk avatars (Shoals:4)
  10 boulder beetles
  7 two-headed ogres
  An ironbound frostheart (Vaults:2)
  10 centaur warriors
  A death knight (D:14)
  7 death yaks
  5 merfolk aquamancers
  8 dancing weapons
  5 satyrs
  2 orc high priests
  9 deep elf knights
  4 hell knights (Vaults:2)
  5 ironbound beastmasters
  Nergalle (Lair:3)
  A tengu warrior (D:15)
  5 skeletal warriors
  A fire crab (shapeshifter) (D:14)
  12 sea snakes
  A flayed ghost (Vaults:2)
  5 deep elf archers
  A kraken simulacrum (Shoals:4)
  3 phantasmal warriors
  4 wizards
  4 large abominations (Elf:1)
  15 deep trolls
  2 ironbound convokers
  4 necromancers
  32 wolf spiders
  5 orc knights
  2 lindwurms (Vaults:2)
  A tengu zombie (D:15)
  14 deep elf pyromancers
  21 fauns
  2 orc sorcerers
  12 harpies
  A fire giant zombie (D:15)
  4 oklob plants (Lair:5)
  12 cyclopes
  19 slime creatures
  18 ugly things
  18 orb spiders
  A stone giant zombie (D:15)
  17 deep elf zephyrmancers
  15 manticores
  9 elephants
  4 moths of wrath
  10 vault sentinels
  3 black mambas
  An ice statue (D:8)
  A black mamba (shapeshifter) (D:14)
  8 merfolk sirens
  4 water nymphs (Shoals:4)
  A guardian serpent (shapeshifter) (D:14)
  A fire giant skeleton (D:15)
  3 torpor snails
  A gargoyle (D:12)
  2 cane toads (shapeshifter)
  3 rime drakes
  13 cane toads
  6 yaktaurs (Vaults:1)
  11 komodo dragons
  2 unseen horrors
  15 demonic crawlers
  2 ice devils (D:11)
  2 tengu conjurers (D:13)
  2 guardian mummies (D:15)
  7 trolls
  22 merfolk
  9 polar bears
  4 wind drakes
  28 jumping spiders
  A polar bear (shapeshifter) (D:8)
  22 dream sheep
  10 hornets
  25 blink frogs
  A wind drake (shapeshifter) (D:12)
  9 snapping turtles
  40 tarantellas
  2 air elementals
  Sigmund (D:5)
  3 spriggans (Lair:2)
  7 wyverns
  65 redbacks
  2 shadows
  18 water elementals
  3 hogs (D:12)
  2 vampires
  73 yaks
  3 basilisks
  6 fire elementals
  A hog (shapeshifter) (D:15)
  3 wraiths
  5 vampire mosquitoes
  A steam dragon (Lair:4)
  2 wargs (Orc:2)
  Edmund (D:5)
  An acid dragon (D:11)
  19 water moccasins
  4 hell hounds (D:15)
  61 orc warriors
  A swamp drake (Orc:1)
  7 black bears
  A necrophage (D:5)
  A hornet zombie (D:8)
  A boggart (Lair:2)
  A sky beast (D:5)
  12 wolves
  2 ogres
  The ghost of FortyThree the Magician, an amateur DjVM (D:3)
  13 centaurs
  4 kobold brigands
  3 elf zombies (Elf:1)
  A gnoll sergeant (D:7)
  16 bullfrogs
  4 earth elementals
  A wyvern zombie (D:7)
  3 scorpions
  A water moccasin zombie (D:5)
  2 water moccasin skeletons
  9 killer bees
  8 wights
  4 howler monkeys (D:9)
  An electric eel (Lair:3)
  A crimson imp (Orc:1)
  6 centaur zombies
  A lava snake (D:14)
  31 orc priests
  14 jellies
  A centaur skeleton (D:7)
  An iron imp (Orc:1)
  A bullfrog skeleton (D:6)
  Natasha (thrice) (D:2)
  4 iguanas
  22 orc wizards
  8 hell rats
  Robin (D:3)
  2 howler monkey zombies
  2 howler monkey skeletons
  17 gnolls
  8 adders
  A shadow imp (D:8)
  2 white imps
  An ufetubus (D:6)
  An adder skeleton (D:4)
  4 worms
  A dart slug (D:5)
  136 orcs
  4 ball pythons
  7 endoplasms
  5 giant cockroaches
  33 goblins
  24 hobgoblins
  4 jackals (D:4)
  14 kobolds
  5 quokkas
  5 bats
  5 frilled lizards
  2 rats (D:1)
  A bush (Lair:5)
1462 creatures vanquished.

Vanquished Creatures (collateral kills)
  A dancing weapon (Elf:2)
  3 wights (D:7)
4 creatures vanquished.

Vanquished Creatures (others)
  3 dream sheep (Shoals:1)
  Blork the orc (Orc:1)
  An orc priest (D:12)
  An orc wizard (Orc:1)
  A shadow imp (Orc:1)
  2 orcs (Orc:1)
  90 fungi
  238 plants
  3 tentacles (Shoals:4)
  3 withered plants (D:15)
343 creatures vanquished.

Grand Total: 1809 creatures vanquished

Notes
Turn   | Place    | Note
-------+----------+-------------------------------------------
     0 | D:1      | tilp the Demigod Ice Elementalist began the quest for the
                  | Orb.
     0 | D:1      | Reached XP level 1. HP: 14/14 MP: 5/5
   367 | D:1      | Reached skill level 4 in Ice Magic
   519 | D:1      | Reached XP level 2. HP: 18/20 MP: 4/7
   912 | D:1      | Reached skill level 1 in Fighting
  1295 | D:1      | Reached XP level 3. HP: 23/28 MP: 4/8
  1299 | D:1      | Learned a level 3 spell: Ozocubu's Armour
  1486 | D:1      | Identified a scroll of acquirement
  1486 | D:1      | Acquired the ring "Ureokhog" {rC+ Will+ rCorr AC+4}
  1638 | D:2      | Noticed Natasha
  1689 | D:2      | Killed Natasha
  1961 | D:2      | Reached XP level 4. HP: 20/36 MP: 6/10
  1965 | D:2      | Learned a level 3 spell: Frozen Ramparts
  3212 | D:3      | Noticed Robin
  3228 | D:3      | Reached XP level 5. HP: 38/41 MP: 3/11
  3233 | D:3      | Killed Robin
  3470 | D:3      | Found a runed translucent door.
  3473 | D:3      | Noticed FortyThree's ghost (amateur DjVM)
  3501 | D:3      | Reached skill level 5 in Ice Magic
  4363 | D:4      | Found a staircase to the Ecumenical Temple.
  4975 | D:4      | Reached XP level 6. HP: 47/48 MP: 4/13
  5019 | D:4      | Learned a level 4 spell: Hailstorm
  5525 | D:5      | Entered Level 5 of the Dungeon
  5716 | D:5      | Reached skill level 1 in Conjurations
  5718 | D:5      | Reached skill level 6 in Ice Magic
  6081 | D:5      | Reached XP level 7. HP: 47/55 MP: 12/15
  6474 | D:5      | Reached skill level 7 in Ice Magic
  6713 | D:5      | Noticed Sigmund
  6720 | D:5      | Noticed Edmund
  6924 | D:6      | Noticed a two-headed ogre
  7530 | D:6      | Noticed a seven-headed hydra
  7531 | D:6      | Noticed a gargoyle
  7777 | D:6      | Reached skill level 8 in Ice Magic
  7864 | D:6      | Reached XP level 8. HP: 61/61 MP: 6/17
  9604 | D:7      | Reached skill level 1 in Evocations
 10231 | D:8      | Reached XP level 9. HP: 71/71 MP: 7/18
 11119 | D:8      | Noticed an ice statue
 11471 | D:8      | Noticed a two-headed ogre
 11538 | D:8      | Found Ysugall's General Store.
 11897 | D:8      | Reached skill level 9 in Ice Magic
 12409 | D:9      | Reached skill level 5 in Spellcasting
 12597 | D:9      | Found a flagged portal.
 12608 | Bailey   | Entered a bailey
 13350 | Bailey   | Reached XP level 10. HP: 74/78 MP: 1/21
 13601 | Bailey   | Noticed an orc knight
 13612 | Bailey   | Killed an orc knight
 13667 | Bailey   | Reached skill level 10 in Ice Magic
 13891 | Bailey   | Identified the +5 ring mail "Denwaroq" {Fly}
 14026 | Bailey   | Reached skill level 5 in Conjurations
 14438 | Bailey   | Noticed an orc warlord
 14454 | Bailey   | Killed an orc warlord
 14455 | Bailey   | Reached skill level 5 in Fighting
 14805 | Bailey   | Reached XP level 11. HP: 92/92 MP: 24/24
 14806 | Bailey   | Reached skill level 12 in Ice Magic
 14806 | Bailey   | Reached XP level 12. HP: 100/100 MP: 25/25
 15645 | D:10     | Entered Level 10 of the Dungeon
 16620 | D:11     | Reached skill level 5 in Evocations
 17151 | D:11     | Found a frozen archway.
 17306 | D:11     | Found a staircase to the Lair.
 17781 | D:11     | Noticed Snorg
 18016 | D:11     | Found Zaur's Jewellery Emporium.
 18016 | D:11     | Noticed a boulder beetle
 18029 | D:11     | Killed a boulder beetle
 18030 | D:11     | Reached XP level 13. HP: 102/107 MP: 22/27
 18036 | D:11     | Killed Snorg
 18221 | D:11     | Noticed Erolcha
 20822 | D:2      | Noticed Natasha
 20831 | D:2      | Killed Natasha
 20967 | D:2      | Noticed Natasha
 20970 | D:2      | Killed Natasha
 21013 | D:3      | Killed FortyThree's ghost
 21114 | D:5      | Killed Edmund
 21127 | D:5      | Killed Sigmund
 21313 | Lair:1   | Entered Level 1 of the Lair of Beasts
 23524 | Lair:2   | Found a runed translucent door.
 23527 | Lair:2   | Noticed champignon's ghost (journeyman DsGl)
 23528 | Lair:2   | Identified the +4 spear "Ukhlaf" {elec, Str+5}
 23750 | Lair:2   | Identified the +0 cloak of Recklessness {rElec rF+++ Str-4
                  | Stlth-}
 24773 | Lair:3   | Found a staircase to the Shoals.
 24994 | Lair:3   | Noticed Nergalle
 25006 | Lair:3   | Killed Nergalle
 25137 | Lair:3   | Reached skill level 10 in Fighting
 26529 | Lair:4   | Reached XP level 14. HP: 121/121 MP: 18/30
 26597 | Lair:4   | Found a hole to the Spider Nest.
 27962 | Lair:5   | Found a staircase to the Slime Pits.
 29985 | Lair:2   | Killed champignon's ghost
 30145 | Lair:6   | Entered Level 6 of the Lair of Beasts
 30238 | Lair:6   | Reached skill level 1 in Staves
 30906 | Lair:6   | Reached skill level 10 in Conjurations
 31081 | Lair:6   | Reached skill level 5 in Staves
 31427 | Lair:6   | Reached skill level 10 in Spellcasting
 32686 | Lair:6   | Reached XP level 15. HP: 122/126 MP: 20/33
 32790 | Lair:6   | Reached skill level 10 in Staves
 32830 | Lair:6   | Identified the +0 pair of boots of Dice, Bag, and Bottle
                  | {Str-4 Int+3 Dex+5}
 33034 | Lair:6   | Identified the -1 helmet of the Saviour {Drain Will- Str+8
                  | Dex+8}
 33753 | D:12     | Identified the +1 robe of the Okapi {rN+ SInv}
 33891 | D:12     | Found a staircase to the Orcish Mines.
 34193 | D:12     | Noticed Kirke
 34204 | D:12     | Killed Kirke
 34722 | Orc:1    | Entered Level 1 of the Orcish Mines
 34973 | Orc:1    | Killed Blork the orc
 35234 | Orc:1    | Learned a level 1 spell: Corona
 35237 | Orc:1    | Learned a level 2 spell: Blink
 35330 | Orc:2    | Entered Level 2 of the Orcish Mines
 35401 | Orc:2    | Found a flickering gateway to a bazaar.
 35441 | Bazaar   | Entered a bazaar
 35441 | Bazaar   | Found Uzol's Jewellery Emporium.
 35441 | Bazaar   | Found Itauraof's Distillery.
 35441 | Bazaar   | Found Ocon's Jewellery Shoppe.
 35441 | Bazaar   | Found Desaijoe's Antique Armour Shop.
 35514 | Bazaar   | Found Qoesch's General Store.
 35514 | Bazaar   | Found Deerar's Antique Armour Boutique.
 35538 | Bazaar   | Bought a scroll of blinking for 82 gold pieces
 35538 | Bazaar   | Bought a potion of mutation for 88 gold pieces
 35543 | Bazaar   | Bought a glowing buckler for 225 gold pieces
 35543 | Bazaar   | Bought a fading ring mail for 270 gold pieces
 35543 | Bazaar   | Identified the +1 ring mail of Insurance {rElec Regen+}
                  | (You bought it in a shop in a bazaar)
 35546 | Bazaar   | Bought a silken robe for 119 gold pieces
 35546 | Bazaar   | Identified the +1 robe "Getia" {Int-4 Dex+6} (You bought it
                  | in a shop in a bazaar)
 35554 | Bazaar   | Bought a ring of poison resistance for 300 gold pieces
 35560 | Bazaar   | Bought a +1 hat of willpower for 176 gold pieces
 35645 | Orc:2    | Found a staircase to the Elven Halls.
 35721 | Orc:2    | Noticed Donald
 35735 | Orc:2    | Killed Donald
 35897 | Orc:2    | Found Alaxar's General Store.
 36290 | Orc:2    | Found Junt's General Store.
 36517 | Orc:2    | Reached skill level 1 in Hexes
 36517 | Orc:2    | Reached skill level 1 in Translocations
 37350 | Orc:2    | Found Uthuen's Antique Weapon Boutique.
 37351 | Orc:2    | Found Vaemnad's Antique Armour Shop.
 38993 | Orc:2    | Bought the Compendium of Glacial Evil for 685 gold pieces
 39053 | D:13     | Learned a level 7 spell: Ozocubu's Refrigeration
 39056 | D:13     | Learned a level 2 spell: Ensorcelled Hibernation
 39201 | D:14     | Found a gate to the Vaults.
 39691 | D:14     | Found a runed translucent gate.
 39693 | D:14     | Found a runed translucent gate.
 39694 | D:14     | Found a runed translucent gate.
 39694 | D:14     | Noticed MirrMurr's ghost (journeyman SpEn)
 40562 | D:14     | Identified the +7 scimitar of the Tired Lovers {vorpal,
                  | rElec Dex+10}
 40759 | D:15     | Entered Level 15 of the Dungeon
 40872 | D:15     | Found a staircase to the Depths.
 40979 | D:15     | Reached XP level 16. HP: 73/131 MP: 34/36
 41108 | D:15     | Identified the +1 helmet of Vlad {rPois Str+3 Stlth+}
 41139 | D:15     | Reached skill level 13 in Ice Magic
 41650 | D:15     | Identified the +3 dagger of Purpose {flame, rPois rC+ Int+3
                  | Dex-4}
 41716 | D:15     | Noticed Azrael
 41724 | D:15     | Killed Azrael
 42494 | D:15     | Identified the +14 plate armour of Parts Unknown {+Inv
                  | Will+ Str-2}
 43080 | D:8      | Learned a level 5 spell: Bolt of Magma
 43786 | Spider:1 | Entered Level 1 of the Spider Nest
 44685 | Spider:1 | Identified the Volume of the Nocuous Glacier
 44739 | Spider:1 | Identified the +11 hunting sling of Division {flame, rF+
                  | Str+3 Dex+2}
 44759 | Spider:1 | Identified the ring "Joliopn" {rPois rF+ SInv}
 44836 | Spider:1 | Reached skill level 14 in Ice Magic
 47206 | Spider:3 | Reached skill level 15 in Ice Magic
 47384 | Spider:3 | Reached skill level 1 in Fire Magic
 47384 | Spider:3 | Reached skill level 1 in Earth Magic
 47528 | Spider:3 | Reached XP level 17. HP: 104/140 MP: 1/38
 48300 | Spider:4 | Entered Level 4 of the Spider Nest
 50204 | Spider:4 | Reached skill level 16 in Ice Magic
 50386 | Spider:4 | Got a gossamer rune of Zot
 50571 | Shoals:1 | Entered Level 1 of the Shoals
 50685 | Shoals:1 | Identified the +4 plate armour "Kievva" {-Tele Will+ SInv}
 50976 | Shoals:1 | Found a flickering gateway to a bazaar.
 50995 | Bazaar   | Entered a bazaar
 51207 | Bazaar   | Found Kadgh's Assorted Antiques.
 51207 | Bazaar   | Found Rusm's Magic Scroll Shoppe.
 51207 | Bazaar   | Found Kemotav's General Store.
 51207 | Bazaar   | Found Nonwock's Assorted Antiques.
 51216 | Bazaar   | Bought a scroll of enchant armour for 67 gold pieces
 51216 | Bazaar   | Bought a scroll of fear for 31 gold pieces
 51216 | Bazaar   | Bought a scroll of enchant armour for 67 gold pieces
 51216 | Bazaar   | Bought a scroll of magic mapping for 31 gold pieces
 51216 | Bazaar   | Bought a scroll of blinking for 67 gold pieces
 51287 | Shoals:1 | Learned a level 5 spell: Irradiate
 52362 | Shoals:2 | Reached skill level 17 in Ice Magic
 53407 | Shoals:3 | Noticed Polyphemus
 53419 | Shoals:3 | Killed Polyphemus
 54167 | Shoals:4 | Entered Level 4 of the Shoals
 54171 | Shoals:4 | Reached XP level 18. HP: 147/147 MP: 19/39
 54496 | Shoals:4 | Reached skill level 18 in Ice Magic
 55019 | Shoals:4 | Reached skill level 1 in Transmutations
 55748 | Shoals:4 | Identified the ring "Meonatot" {rC+ rN+ Int+5}
 56508 | Shoals:4 | Reached skill level 5 in Earth Magic
 56510 | Shoals:4 | Got a barnacled rune of Zot
 56774 | Elf:1    | Entered Level 1 of the Elven Halls
 56776 | Elf:1    | Reached skill level 5 in Fire Magic
 56816 | Elf:1    | Found a runed translucent gate.
 56816 | Elf:1    | Found a runed translucent gate.
 56816 | Elf:1    | Found a runed translucent gate.
 56817 | Elf:1    | Noticed a tentacled monstrosity
 57756 | Elf:1    | Identified the Tome of Evil Magic
 57782 | Elf:1    | Noticed a tentacled monstrosity
 57783 | Elf:1    | Noticed a tentacled monstrosity
 59531 | Elf:2    | Found Peprame's Armour Emporium.
 60353 | Elf:2    | Found a runed translucent gate.
 60353 | Elf:2    | Found a runed translucent gate.
 60354 | Elf:2    | Found a runed translucent gate.
 60691 | Vaults:1 | Entered Level 1 of the Vaults
 61828 | Vaults:1 | Reached XP level 19. HP: 154/154 MP: 23/40
 62102 | Vaults:1 | Reached skill level 1 in Armour
 62658 | Vaults:1 | Found Wotol's Antique Armour Emporium.
 62686 | Vaults:1 | Found Usyron's Magic Scroll Shoppe.
 64819 | Vaults:2 | Noticed Margery
 64824 | Vaults:2 | Killed Margery
 65126 | Vaults:2 | Reached skill level 10 in Dodging
 65367 | Vaults:2 | Blown up by a lich

Illustrated notes

Levels and vault maps discovered:
D:1:      dpeg_arrival_three_same_balls, layout_basic,
          hellmonk_ecumenical_altar_inner_sanctum
D:2:      layout_basic, uniq_natasha
D:3:      layout_basic, ebering_ghost_sewer_d, uniq_robin
D:4:      minmay_recursive_quarters, layout_basic, minmay_temple_entry_grid
D:5:      layout_cave_pools, lemuel_round_altar, grunt_temple_overflow_open,
          minmay_misc_feat_alley, sigmund_edmund_badplayer
D:6:      minmay_chambers_of_sixes, layout_basic
D:7:      layout_cave_pods, nzn_hepliaklqana_mist_gate, serial_glass,
          glass_columns_a, glass_columns_b, minmay_strange_pillars
D:8:      layout_rooms, minitemple, serial_shops, nicolae_shop_behind_doors,
          nzn_random_ring
D:9:      layout_roguey, enter_bailey_3, hex_medium, hangedman_decor_slide_cut,
          nicolae_underground_beach
D:10:     layout_cave_pools
D:11:     layout_basic, due_lair_maze_entry_diamond, serial_shops, shop,
          portal_ice_cave_demonic_guard, uniq_erolcha, uniq_snorg
D:12:     layout_roguey, hiddenorc2_lemuel, uniq_kirke
D:13:     layout_loops_ring, tgw_xom
D:14:     layout_irregular_city, david_vaults_4, wad_floor_pattern_2,
          gammafunk_ghost_hydra_chop, kennysheep_inner_square
D:15:     gammafunk_depths_entry_grave, layout_loops_cross,
          chequers_serial_rivers_large_b, serial_co_window_serial,
          co_window_paths_b, co_window_paths_a, co_window_paths_a,
          co_window_paths_b, co_window_corner_a, co_window_corner_cb,
          co_window_broadway_a, co_window_broadway_c,
          co_window_of_opportunity_b, co_window_corner_b, glass_columns_a,
          glass_columns_a, glass_columns_b, glass_columns_a, glass_columns_b,
          minivault_20, uniq_azrael
Lair:1:   layout_cave_pods, basic_altar
Lair:2:   layout_chaotic_city, ebering_ghost_funeral_grove, beast_lair_carwin_9,
          grunt_megastairs_2, infiniplex_staircase_pool
Lair:3:   layout_regular_city, elwin_shoals_entry_rooms, lemuel_fruit_fields,
          uniq_nergalle
Lair:4:   layout_regular_city, spider_nest_entry_rubble
Lair:5:   layout_layer_cave, minmay_slime_entry_jelly_boxes,
          beast_lair_carwin_7, minmay_lair_oklob_chamber
Lair:6:   evilmike_catoblepas_cave, layout_gridlike
Shoals:1: layout_shoals, serial_shops, freezing_bzr
Shoals:2: layout_shoals, abandoned_shop, abandoned_shop
Shoals:3: layout_shoals, uniq_polyphemus
Shoals:4: shoals_end_grunt_ice, layout_shoals
Spider:1: layout_spider_delve, nicolae_spider_wall_of_niches
Spider:2: layout_spider_delve
Spider:3: layout_spider_delve
Spider:4: spider_rune_water
Orc:1:    layout_caves, hangedman_minor_magic
Orc:2:    grunt_orc_community_town_hall, layout_caves,
          grunt_orc_community_big_house_1, grunt_orc_community_big_house_1,
          grunt_orc_community_house_3, grunt_orc_community_house_3,
          grunt_orc_community_house_2, grunt_orc_community_house_3,
          grunt_orc_community_house_2, grunt_orc_community_house_3,
          serial_shops, bzr_in_the_mist, basic_altar, uniq_donald
Elf:1:    layout_gridlike, ploomutoo_gammafunk_ghost_potion_laboratory,
          minmay_elf_necromancy
Elf:2:    layout_gridlike, serial_shops, shop, hangedman_glass_teeth,
          amcnicky_mini_corridor_feature, corner_web_ring
Vaults:1: hangedman_vaults_river_flow, vaults_room_corners,
          nicolae_vaults_sealed_display, hangedman_vaults_maws, serial_ice_m,
          vaults_room_mumra_shop_pool, hangedman_vaults_corner_blocks,
          vaults_mumra_minichess, ontoclasm_vaults_shuriken, vaults_mumra_hex,
          layout_vaults_big_room, serial_shops, shop
Vaults:2: st_greater_box_2, vaults_room_large_hall, v_pattern_1,
          hangedman_vaults_capsules, nicolae_vaults_little_squares_4,
          grunt_vaults_hallway_short, layout_vaults_omnigrid, uniq_margery,
          uniq_mennas

Skill      XL: |  1  2  3  4  5  6  7  8  9 10 11 12 13 14 15 16 17 18 19 |
---------------+----------------------------------------------------------+-----
Spellcasting   | 2 3 4 5 6 8 10 11 12 | 12.0
Ice Magic      | 4 5 6 8 9 10 12 15 17 18 | 18.0
Stealth        | 2 4 6 |  6.3
Dodging        | 2 4 6 8 10 | 10.1
Fighting       | 1 2 4 7 8 10 11 | 11.5
Conjurations   | 1 2 4 6 8 10 11 12 14 | 14.0
Evocations     | 1 4 6 7 8 |  8.0
Staves         | 9 12 | 12.0
Shields        | 4 |  4.0
Hexes          | 2 |  2.0
Translocations | 2 4 |  4.0
Fire Magic     | 1 4 6 |  6.0
Earth Magic    | 1 4 6 |  6.0
Transmutations | 4 |  4.0
Armour         | 4 |  4.0

Action                   |  1- 3 |  4- 6 |  7- 9 | 10-12 | 13-15 | 16-18 | 19-21 || total
-------------------------+-------+-------+-------+-------+-------+-------+-------++-------
Melee: Unarmed           |     1 |       |       |       |       |       |       ||     1
       Dagger            |    21 |    84 |   136 |    19 |       |       |       ||   260
       Staff             |       |       |    98 |   208 |   714 |   434 |   146 ||  1600
       Morningstar       |       |       |       |    10 |    53 |       |       ||    63
       Scimitar          |       |       |       |       |    67 |   103 |       ||   170
       Spear             |       |       |       |       |     4 |       |       ||     4
Throw: Dart              |       |     4 |    19 |    25 |    63 |     2 |       ||   113
 Cast: Freeze            |    45 |    37 |    56 |    24 |    62 |       |       ||   224
       Ozocubu's Armour  |     2 |    18 |    47 |    27 |   131 |    29 |    11 ||   265
       Frozen Ramparts   |       |    21 |    40 |    27 |    98 |    16 |     3 ||   205
       Hailstorm         |       |       |    35 |    33 |   357 |   256 |    32 ||   713
       Ozocubu's Refrige |       |       |       |       |       |   285 |    61 ||   346
       Irradiate         |       |       |       |       |       |     1 |     4 ||     5
       Bolt of Magma     |       |       |       |       |       |     1 |       ||     1
Evoke: Wand              |       |       |     1 |    12 |     6 |     1 |       ||    20
       Condenser vane    |       |       |       |       |     2 |       |     1 ||     3
       Box of beasts     |       |       |       |       |       |     1 |       ||     1
  Use: Scroll            |     3 |     4 |    10 |     7 |     8 |     7 |     1 ||    40
       Potion            |       |       |       |     2 |       |     1 |       ||     3
 Stab: Sleeping          |     6 |     3 |     2 |     1 |     7 |     3 |       ||    22
       Paralysed         |       |       |       |    15 |       |       |       ||    15
       Distracted        |       |       |       |       |     2 |     1 |       ||     3
Armor: Robe              |    16 |    43 |   181 |    11 |       |       |       ||   251
       Ring mail         |       |       |       |   242 |   535 |   512 |    44 ||  1333
Dodge: Dodged            |    24 |    63 |   240 |   233 |   719 |   477 |    50 ||  1806
Block: Buckler           |       |       |       |       |    54 |   199 |    23 ||   276
       Rpst.: Scimitar   |       |       |       |       |     5 |    27 |       ||    32

Table legend: (Time is in decaauts)
 A = Elapsed time spent in this place.
 B = Non-inter-level travel time spent in this place.
 C = Inter-level travel time spent in this place.
 D = Time resting spent in this place.
 E = Time spent auto-exploring this place.
 F = Levels seen in this place.
 G = Mean time per level.
                   A        B        C        D        E       F      G
               +--------+--------+--------+--------+--------+-----+--------+
         Total |  65246 |  60939 |   4307 |  17268 |  34105 |  38 | 1717.0 |
       Dungeon |  26695 |  24740 |   1955 |   6560 |  14567 |  15 | 1779.7 |
          Lair |  12181 |  11065 |   1116 |   1654 |   7820 |   6 | 2030.2 |
        Shoals |   5695 |   5329 |    366 |    876 |   3491 |   4 | 1423.8 |
   Spider Nest |   6644 |   6375 |    269 |   3111 |   2227 |   4 | 1661.0 |
  Orcish Mines |   3225 |   2982 |    243 |   1012 |   1305 |   2 | 1612.5 |
   Elven Halls |   3572 |   3481 |     91 |   1459 |   1667 |   2 | 1786.0 |
        Vaults |   4614 |   4350 |    264 |   1178 |   2565 |   2 | 2307.0 |
        Bazaar |    361 |    361 |      0 |      0 |    323 |   2 |  180.5 |
        Bailey |   2257 |   2257 |      0 |   1417 |    140 |   1 | 2257.0 |
               +--------+--------+--------+--------+--------+-----+--------+

Top non-repeatable levels by time:
    D:11: 3425 daAuts
  Lair:6: 3019 daAuts
Vaults:1: 2635 daAuts
Shoals:4: 2392 daAuts
  Lair:5: 2343 daAuts
   Orc:2: 2276 daAuts
    D:15: 2262 daAuts
  Bailey: 2257 daAuts
     D:8: 2196 daAuts
    D:12: 2187 daAuts
     D:6: 2143 daAuts
   Elf:2: 2126 daAuts
Vaults:2: 1979 daAuts
  Lair:4: 1922 daAuts
     D:7: 1911 daAuts
